 Dungeon Crawl Stone Soup version 0.28-a0-794-gafe8c5f9e9 (webtiles) character file.

Game seed: 12088631201909524244

2092 spiderkeys the Poker (level 9, -1/55 HPs)
             Began as a Tengu Abyssal Knight on Nov 5, 2021.
             Was an Elder of Lugonu.
             Slain by a meliai zombie (5 damage)
             ... on level 7 of the Dungeon.
             The game lasted 00:14:21 (6843 turns).

spiderkeys the Poker (Tengu Abyssal Knight)         Turns: 6843, Time: 00:14:22

Health: -1/55      AC:  7    Str: 16    XL:     9   Next: 27%
Magic:  12/13      EV: 18    Int: 11    God:    Lugonu [****..]
Gold:   128        SH:  0    Dex: 21    Spells: 5/8 levels left

rFire   . . .      SeeInvis +   k - +2 war axe "Wavexa" {flame, rPois rC- rN+ Will+}
rCold   x . .      Faith    .   (no shield)
rNeg    + . .      Spirit   .   g - +2 leather armour {rPois}
rPois   +          Reflect  .   E - +2 hat
rElec   .          Harm     .   (no cloak)
rCorr   .          Rampage  .   (no gloves)
Will    +....                   (boots unavailable)
Stlth   ++........              (no amulet)
HPRegen 0.18/turn               D - +6 ring of dexterity
MPRegen 0.13/turn               v - ring of see invisible

@: flying quickly and evasively, quick
A: beak, talons 3, nimble flight
a: Renounce Religion, Depart the Abyss, Bend Space, Banish, Corrupt


You were on level 7 of the Dungeon.
You worshipped Lugonu.
Lugonu was greatly pleased with you.
You visited 1 branch of the dungeon, and saw 7 of its levels.
You visited the Abyss 1 time.
You also visited: Ossuary.

You collected 323 gold pieces.
You spent 195 gold pieces at shops.


Innate Abilities, Weirdness & Mutations

You have a beak for a mouth.
You have claws for feet.
Your magical nature lets you fly swiftly and evasively.


   Skills:
 + Level 6.0 Fighting
 + Level 6.1 Polearms
 - Level 2.1 Armour
 + Level 5.9 Dodging
 + Level 5.4 Air Magic
 + Level 5.0 Invocations
 - Level 3.0 Evocations


You had 5 spell levels left.
You knew the following spells:

 Your Spells              Type           Power      Damage    Failure   Level
p - Poisonous Vapours     Pois/Air       10%        N/A       22%         2
z - Shock                 Conj/Air       20%        1d4       14%         1

Your spell library contained the following spells:

 Spells                   Type           Power      Damage    Failure   Level
 Swiftness                Air            11%        N/A       14%         3
 Corpse Rot               Necr/Air       10%        N/A       22%         2
 Sting                    Tmut/Pois      0%         1d3       41%         1
 Airstrike                Air            5%         N/A       43%         4
 Gell's Gravitas          Tloc           0%         N/A       78%         3
 Teleport Other           Tloc           0%         N/A       78%         3
 Dispel Undead            Necr           0%         3d6       99%         4
 Olgreb's Toxic Radiance  Pois           0%         N/A       99%         4
 Passage of Golubria      Tloc           0%         N/A       99%         4
 Silence                  Hex/Air        2%         N/A       99%         5
 Death Channel            Necr           0%         N/A       100%        6
 Dispersal                Tloc           0%         N/A       100%        6
 Lehudib's Crystal Spear  Conj/Erth      0%         10d2      100%        8

Inventory:

Hand Weapons
 a - a +2 vorpal spear
 k - the +2 war axe "Wavexa" (weapon) {flame, rPois rC- rN+ Will+}
   (You bought it in a shop on level 6 of the Dungeon)

   It burns those it strikes, dealing additional fire damage.
   Big, fiery blades are also staple armaments of hydra-hunters.
   rC:        It makes you vulnerable to cold.
   rPois:     It protects you from poison.
   rN:        It protects you from negative energy.
   Will:      It increases your willpower.
Missiles
 e - 17 sling bullets
 f - 104 arrows
 h - 78 bolts
 o - 5 poisoned darts
 q - 6 boomerangs
 r - 99 stones
Armour
 g - a +2 leather armour of poison resistance (worn)
   (You found it on level 3 of the Abyss)
 E - a +2 hat (worn)
   (You found it on level 4 of the Dungeon)
Jewellery
 v - a ring of see invisible (right hand)
   (You found it on level 2 of the Dungeon)
 D - a +6 ring of dexterity (left hand)
   (You found it on level 1 of the Dungeon)
Wands
 b - a wand of flame (31)
   (You found it on level 5 of the Dungeon)
 c - a wand of iceblast (3)
   (You found it on level 5 of the Dungeon)
 B - a wand of digging (2)
   (You took it off an orc on level 6 of the Dungeon)
Scrolls
 j - 2 scrolls of amnesia
 l - 8 scrolls of teleportation {@r4}
 m - 2 scrolls of magic mapping {!r}
 p - a scroll of fear
 y - 2 scrolls of brand weapon
 z - 2 scrolls of enchant armour
 F - a scroll of enchant weapon
 G - 2 scrolls of identify {@r1}
Potions
 d - 2 potions of magic {unknown}
 i - 2 potions of flight {unknown}
 n - a potion of ambrosia {unknown}
 s - a potion of degeneration {unknown}
 t - a potion of lignification {unknown}
 u - 2 potions of haste {unknown}
 w - a potion of heal wounds {unknown}
 x - 4 potions of curing {@q1}
 A - a potion of brilliance {unknown}
 C - 2 potions of might {unknown}

Dungeon Overview and Level Annotations

Branches:
Dungeon (7/15)             Temple (0/1) D:5         Ossuary (visited)

Altars:
Dithmenos
Elyvilon
Gozag
Qazlal
Trog
Zin
The Shining One
Beogh

Shops:
D:6 (

Annotations:
D:4 3 runed translucent doors, frimble's ghost, novice TrWr
D:5 3 runed translucent doors, willcat's ghost, weakling DsDe

. #.#
#.#
####.#
#....#
#....#
#[...#
#....#
#...Z#
#...@#
####.#
#.#
#.#
#.#
#.#
#.#
#.#
#.#


You could see a meliai zombie.


Message History

You hit the wyvern zombie. You burn the wyvern zombie.
You peck the wyvern zombie, but do no damage.
You closely miss the meliai zombie. The meliai zombie closely misses you.
The meliai zombie completely misses you.
The wyvern zombie barely misses you. The meliai zombie hits you.
The meliai zombie misses you. 😕 HP[-3]
You take 3 damage, and now have 50/55 hp.
You hit the wyvern zombie. You burn the wyvern zombie.
Your kick misses the wyvern zombie. You barely miss the meliai zombie.
The meliai zombie closely misses you.
The meliai zombie completely misses you.
The wyvern zombie bites you. The meliai zombie hits you.
The meliai zombie closely misses you.
The wyvern zombie barely misses you. 😕 HP[-8]
You take 8 damage, and now have 42/55 hp.
You slash the wyvern zombie! You burn the wyvern zombie.
Your peck misses the wyvern zombie. You hit the meliai zombie.
You burn the meliai zombie.
The meliai zombie completely misses you.
The meliai zombie hits you but does no damage.
The meliai zombie misses you. The meliai zombie hits you.
The wyvern zombie bites you.
The wyvern zombie bites you but does no damage.
The meliai zombie barely misses you. x2 😮 HP[-3]
You take 3 damage, and now have 39/55 hp.
You are too injured to fight recklessly!
You are too injured to fight recklessly!
You are too injured to fight recklessly!
You barely miss the meliai zombie. You claw the meliai zombie!
The meliai zombie hits you. x2; The meliai zombie closely misses you. x2
The meliai zombie completely misses you.
The meliai zombie barely misses you. 😮 HP[-3]
You take 3 damage, and now have 36/55 hp.
You hit the meliai zombie. You burn the meliai zombie.
You claw the meliai zombie. Your peck misses the meliai zombie.
The meliai zombie closely misses you. x2; The meliai zombie misses you.
The meliai zombie hits you but does no damage.
You barely miss the meliai zombie. You claw the meliai zombie.
The meliai zombie hits you.
The meliai zombie closely misses you. x2
The meliai zombie hits you but does no damage.
The meliai zombie barely misses you. The meliai zombie hits you. 😮 HP[-4]
You take 4 damage, and now have 32/55 hp.
You slash the meliai zombie! You burn the meliai zombie.
You claw the meliai zombie. The meliai zombie hits you.
* * * LOW HITPOINT WARNING * * *
The meliai zombie barely misses you. The meliai zombie hits you.
* * * LOW HITPOINT WARNING * * *
The meliai zombie hits you but does no damage. 😨 HP[-9]
You take 9 damage, and now have 23/55 hp.
You closely miss the meliai zombie. Your kick misses the meliai zombie.
Your peck misses the meliai zombie. The meliai zombie hits you.
* * * LOW HITPOINT WARNING * * *
The meliai zombie misses you. The meliai zombie hits you!
* * * LOW HITPOINT WARNING * * *
The meliai zombie completely misses you. 😱 HP[-11]
You take 11 damage, and now have 12/55 hp.
You hit the meliai zombie. You burn the meliai zombie.
Your peck misses the meliai zombie. The meliai zombie misses you.
The meliai zombie closely misses you. The meliai zombie misses you. x2
The meliai zombie barely misses you. x2
Unknown command.
The meliai zombie barely misses you. The meliai zombie misses you.
The meliai zombie misses you. The meliai zombie barely misses you.
The meliai zombie barely misses you. The meliai zombie misses you. 😱 HP[+1]
The meliai zombie misses you. The meliai zombie hits you.
* * * LOW HITPOINT WARNING * * *
😱 HP[-1]
You take 1 damage, and now have 12/55 hp.
The meliai zombie closely misses you. The meliai zombie barely misses you.
Aiming: Iceblast
Press: ? - help, Shift-Dir - straight line The mass of ice explodes!
The iceblast engulfs the wyvern zombie!
The wyvern zombie partially resists.
The iceblast engulfs the meliai zombie!
The meliai zombie partially resists.
The meliai zombie misses you.
The meliai zombie closely misses you. x2; The meliai zombie misses you.
Space bends around you!
You blink. 😱 HP[-1] MP[-1]
You take 1 damage, and now have 11/55 hp.
You lost 1 mp, and now have 12/13 mp.
Aiming: Iceblast
Press: ? - help, Shift-Dir - straight line, f - meliai zombie
Aim: a meliai zombie (severely damaged)
The mass of ice explodes!
The iceblast engulfs the meliai zombie!
The meliai zombie partially resists.
The iceblast engulfs the wyvern zombie!
The wyvern zombie partially resists.
You destroy the wyvern zombie!
Lugonu accepts your kill.
You barely miss the meliai zombie. Your kick misses the meliai zombie.
The meliai zombie hits you!
* * * LOW HITPOINT WARNING * * *
The meliai zombie hits you.
You die...

Skill      XL: |  1  2  3  4  5  6  7  8  9 |
---------------+----------------------------+-----
Polearms       | 3 4 5 6 |  6.1
Dodging        | 2 3 4 5 |  5.9
Invocations    | 2 3 4 5 |  5.0
Evocations     | 1 2 3 |  3.0
Fighting       | 4 5 6 |  6.0
Air Magic      | 2 4 5 |  5.4
Armour         | |  2.1

Action                   |  1- 3 |  4- 6 |  7- 9 || total
-------------------------+-------+-------+-------++-------
Melee: Spear             |     2 |   204 |   163 ||   369
       Kick              |       |    63 |    65 ||   128
       Peck              |       |    32 |    56 ||    88
       War axe           |       |       |    60 ||    60
Throw: Dart              |       |       |     7 ||     7
 Cast: Shock             |       |       |     3 ||     3
Invok: Bend Space        |       |       |     2 ||     2
Evoke: Wand              |     3 |       |     2 ||     5
  Use: Scroll            |     4 |       |    11 ||    15
       Potion            |       |       |     1 ||     1
 Stab: Sleeping          |       |     8 |       ||     8
       Distracted        |       |     1 |     2 ||     3
Armor: Leather armour    |       |    23 |    45 ||    68
Dodge: Dodged            |       |    78 |   187 ||   265

Levels and vault maps discovered:
D:1:      lemuel_arrival_lava_pool, layout_loops_corners
D:2:      layout_rooms, basic_altar, shapermc_ecumenical_altar_petra,
          minmay_box_of_dots
D:3:      layout_rooms, nicolae_tso_besieged_by_evil, nrook_campfire,
          minmay_circle_x
D:4:      layout_basic, grunt_gozag_breadcrumbs,
          nicolae_overflow_quartered_altars, nicolae_overflow_hidden_temple,
          biasface_ghost_orc_armoury, enter_ossuary_1, hangedman_feature_mirror,
          serial_park_tiny_2, uniq_menkaure
D:5:      layout_cave_pools, minmay_temple_entry_glass,
          gammafunk_ghost_necromancy
D:6:      layout_gridville, serial_shops, nicolae_square_shop, uniq_pikel
D:7:      layout_basic

Notes
Turn   | Place    | Note
-------+----------+-------------------------------------------
     0 | Abyss:1  | spiderkeys the Tengu Abyssal Knight began the quest for the
                  | Orb.
     0 | Abyss:1  | Reached XP level 1. HP: 14/14 MP: 3/3
     0 | Abyss:1  | magus.rc [v1.9.10]
   180 | Abyss:2  | Noticed a large abomination
   191 | Abyss:2  | Noticed a spatial maelstrom
   211 | Abyss:3  | Noticed a basilisk
   213 | Abyss:3  | Noticed a polar bear
   213 | Abyss:3  | a basilisk changed into a polar bear
   265 | Abyss:3  | Noticed a chaos spawn
   274 | Abyss:3  | Killed a chaos spawn
   275 | Abyss:3  | Reached skill level 3 in Polearms
   275 | Abyss:3  | Reached skill level 2 in Dodging
   275 | Abyss:3  | Reached skill level 2 in Invocations
   275 | Abyss:3  | Reached skill level 1 in Evocations
   275 | Abyss:3  | Reached XP level 2. HP: 19/19 MP: 4/4
   275 | Abyss:3  | Reached XP level 3. HP: 23/23 MP: 5/5
   275 | Abyss:3  | Reached XP level 4. HP: 28/28 MP: 6/6
   275 | Abyss:3  | Gained mutation: Your magical nature lets you fly swiftly
                  | and evasively. [Tengu growth]
   275 | Abyss:3  | Reached XP level 5. HP: 32/32 MP: 7/7
   288 | Abyss:3  | Noticed a starcursed mass
   297 | D:1      | You pass through the gate.
   297 | D:1      | Escaped the Abyss
   700 | D:1      | Reached skill level 2 in Evocations
   975 | D:1      | Reached ** piety under Lugonu
  1507 | D:2      | Found a bloodstained altar of Trog.
  1644 | D:3      | Found a glowing golden altar of the Shining One.
  1711 | D:3      | Reached skill level 3 in Dodging
  1711 | D:3      | Reached XP level 6. HP: 35/38 MP: 9/9
  1896 | D:3      | Reached skill level 4 in Fighting
  1899 | D:3      | Reached *** piety under Lugonu
  1924 | D:3      | You add the spells Gell's Gravitas, Teleport Other and
                  | Dispersal to your library.
  2258 | D:4      | Reached skill level 3 in Invocations
  2390 | D:4      | You pick up a book of Air and begin reading...
  2390 | D:4      | You add the spells Shock, Swiftness and Airstrike to your
                  | library.
  2398 | D:4      | Learned a level 1 spell: Shock
  2398 | D:4      | Found a sand-covered staircase.
  2407 | Ossuary  | Entered an ossuary
  2501 | Ossuary  | Reached XP level 7. HP: 43/43 MP: 10/10
  2546 | Ossuary  | Reached skill level 3 in Evocations
  2719 | D:4      | Noticed Menkaure
  2728 | D:4      | Reached skill level 4 in Polearms
  2796 | D:4      | Killed Menkaure
  2797 | D:4      | Reached skill level 1 in Air Magic
  2801 | D:4      | You add the spells Sting, Poisonous Vapours and Olgreb's
                  | Toxic Radiance to your library.
  2845 | D:4      | Found a runed translucent gate.
  2846 | D:4      | Found a runed translucent gate.
  2847 | D:4      | Found a runed translucent gate.
  2859 | D:4      | Found a white marble altar of Elyvilon.
  2859 | D:4      | Found a glowing silver altar of Zin.
  2860 | D:4      | Found a shadowy altar of Dithmenos.
  2867 | D:4      | Noticed frimble's ghost (novice TrWr)
  2871 | D:4      | Reached **** piety under Lugonu
  2872 | D:4      | Reached skill level 4 in Dodging
  2924 | D:4      | Found a stormy altar of Qazlal.
  3534 | D:4      | Found an opulent altar of Gozag.
  3804 | D:4      | Reached skill level 2 in Air Magic
  4496 | D:5      | Entered Level 5 of the Dungeon
  4852 | D:5      | You pick up a book of the Moon and begin reading...
  4852 | D:5      | You add the spells Passage of Golubria, Silence and
                  | Lehudib's Crystal Spear to your library.
  4856 | D:5      | Learned a level 2 spell: Poisonous Vapours
  4889 | D:5      | Found a runed translucent gate.
  4893 | D:5      | Found a runed translucent gate.
  4893 | D:5      | Found a runed translucent gate.
  4896 | D:5      | Noticed willcat's ghost (weakling DsDe)
  4937 | D:5      | Reached XP level 8. HP: 20/48 MP: 11/11
  5196 | D:5      | Reached skill level 3 in Air Magic
  5240 | D:5      | Reached skill level 5 in Fighting
  5249 | D:5      | Reached skill level 4 in Invocations
  5259 | D:5      | Found a staircase to the Ecumenical Temple.
  5517 | D:6      | Found Viyshosi's Antique Weapon Shoppe.
  5545 | D:6      | Bought a fading war axe for 195 gold pieces
  5545 | D:6      | Identified the +2 war axe "Wavexa" {flame, rPois rC- rN+
                  | Will+} (You bought it in a shop on level 6 of the Dungeon)
  5618 | D:6      | Reached skill level 5 in Polearms
  5656 | D:6      | Noticed Pikel
  5694 | D:6      | Killed Pikel
  5695 | D:6      | Reached skill level 5 in Dodging
  5695 | D:6      | Reached skill level 4 in Air Magic
  5938 | D:6      | Reached XP level 9. HP: 49/55 MP: 13/13
  6042 | D:6      | You pick up a book of Decay and begin reading...
  6042 | D:6      | You add the spells Corpse Rot, Dispel Undead and Death
                  | Channel to your library.
  6189 | D:6      | Reached skill level 5 in Air Magic
  6540 | D:7      | Reached skill level 6 in Fighting
  6540 | D:7      | Reached skill level 6 in Polearms
  6803 | D:7      | Reached skill level 5 in Invocations
  6829 | D:7      | HP: 12/55 [meliai zombie (8)]
  6837 | D:7      | HP: 12/55 [meliai zombie (1)]
  6843 | D:7      | HP: 4/55 [meliai zombie (7)]
  6843 | D:7      | Slain by a meliai zombie

Vanquished Creatures
  Pikel (D:6)
  A chaos spawn (Abyss:3)
  Menkaure (D:4)
  A sky beast (D:6)
  A black bear (D:6)
  A necrophage (D:6)
  A centaur (D:7)
  A phantom (D:7)
  A lemure (D:6)
  A bullfrog (D:7)
  A wyvern zombie (D:7)
  A scorpion (D:5)
  A crimson imp (D:3)
  A jelly (D:4)
  A bullfrog zombie (D:5)
  3 hounds
  2 orc priests
  2 bullfrog skeletons
  6 iguanas
  3 orc wizards
  A hound zombie (D:5)
  3 mummies (Ossuary)
  6 adders
  5 adder zombies (Ossuary)
  2 worms
  17 orcs
  6 ball pythons
  4 endoplasms
  3 giant cockroaches
  9 goblins
  10 hobgoblins
  12 jackals
  5 quokkas
  A bat (D:1)
  3 frilled lizards
  A gnoll zombie (Ossuary)
  A goblin skeleton (D:3)
  5 goblin zombies (Ossuary)
  2 hobgoblin zombies (Ossuary)
  2 kobolds
  2 kobold skeletons (D:3)
  4 kobold zombies
  An orc zombie (D:3)
  A quokka zombie (Ossuary)
  5 rats
  2 rat zombies (Ossuary)
144 creatures vanquished.

Table legend:
 A = Non-vault XP
 B = Vault XP
 C = Vault XP percentage of total XP
 D = Non-vault monster count
 E = Vault monster count
 F = Vault count percentage of total count
                 A         B        C        D         E       F
            +---------+---------+-------+---------+---------+-------
      Total |    1905 |    1084 |  36.3 |     101 |      42 |  29.4
            +---------+---------+-------+---------+---------+-------
        D:1 |      55 |       0 |   0.0 |      31 |       0 |   0.0
        D:2 |      31 |      17 |  35.4 |      10 |       3 |  23.1
        D:3 |     100 |      74 |  42.5 |      14 |      10 |  41.7
        D:4 |     241 |     230 |  48.8 |      16 |       7 |  30.4
        D:5 |     413 |       0 |   0.0 |      13 |       0 |   0.0
        D:6 |     483 |     663 |  57.9 |      12 |       1 |   7.7
        D:7 |     389 |       0 |   0.0 |       4 |       0 |   0.0
    Abyss:3 |     193 |       0 |   0.0 |       1 |       0 |   0.0
    Ossuary |       0 |     100 | 100.0 |       0 |      21 | 100.0
            +---------+---------+-------+---------+---------+-------

Illustrated notes

Table legend:
 A = Kills in this place as a percentage of kills in entire the game.
 B = Kills by you in this place as a percentage of kills by you in the entire game.
 C = Kills by friends in this place as a percentage of kills by friends in the entire game.
 D = Other kills in this place as a percentage of other kills in the entire game.
 E = Experience gained in this place as a percentage of experience gained in the entire game.
 F = Experience gained in this place divided by the number of levels of this place that you have seen.
                   A       B       C       D       E      F
               +-------+-------+-------+-------+-------+----------------------
         Total | 100.0 | 100.0 |   N/A |   N/A | 100.0 | 271.7
       Dungeon |  84.6 |  84.6 |   N/A |   N/A |  90.2 | 385.1
         Abyss |   0.7 |   0.7 |   N/A |   N/A |   6.5 |  64.3
       Ossuary |  14.7 |  14.7 |   N/A |   N/A |   3.3 | 100.0
               +-------+-------+-------+-------+-------+----------------------

Table legend: (Time is in decaauts)
 A = Elapsed time spent in this place.
 B = Non-inter-level travel time spent in this place.
 C = Inter-level travel time spent in this place.
 D = Time resting spent in this place.
 E = Time spent auto-exploring this place.
 F = Levels seen in this place.
 G = Mean time per level.
                   A        B        C        D        E       F      G
               +--------+--------+--------+--------+--------+-----+--------+
         Total |   6418 |   6205 |    213 |    866 |   3994 |  11 |  583.5 |
       Dungeon |   5920 |   5707 |    213 |    866 |   3729 |   7 |  845.7 |
         Abyss |    294 |    294 |      0 |      0 |    165 |   3 |   98.0 |
       Ossuary |    202 |    202 |      0 |      0 |    100 |   1 |  202.0 |
               +--------+--------+--------+--------+--------+-----+--------+

Top non-repeatable levels by time:
     D:4: 1266 daAuts
     D:3: 1197 daAuts
     D:5: 969 daAuts
     D:6: 929 daAuts
     D:1: 846 daAuts
     D:2: 375 daAuts
     D:7: 336 daAuts
 Ossuary: 202 daAuts
 Abyss:1: 174 daAuts
 Abyss:3: 102 daAuts
 Abyss:2: 17 daAuts
